3A
PROVO MANGO @ HOGSMEADE CAULDRONS
07/20/2022
 
TOP OF THE 1ST
Provo Mango batting - Pitching for Hogsmeade Cauldrons : LHP Octávio Ríos
Pitching: LHP Octávio Ríos
Batting: LHB Héctor Rivera 0-0: Ball
1-0: Ground out 6-3 (Groundball, 6M)
Batting: RHB Everette Jeffers 0-0: Ball
1-0: Ball
2-0: Swinging Strike
2-1: Called Strike
2-2: Foul Ball, location: 2F
2-2: Ball
3-2: Strikes out swinging
Batting: RHB Rubén Campos 0-0: Swinging Strike
0-1: Called Strike
0-2: Strikes out swinging
Top of the 1st over - 0 run(s), 0 hit(s), 0 error(s), 0 left on base; Provo 0 - Hogsmeade 0
BOTTOM OF THE 1ST
Hogsmeade Cauldrons batting - Pitching for Provo Mango : LHP Marvin Mangin
Pitching: LHP Marvin Mangin
Batting: RHB Santiago Mosca 0-0: Called Strike
0-1: Swinging Strike
0-2: Ground out 5-3 (Groundball, 56)
Batting: RHB Ernesto Souza 0-0: Swinging Strike
0-1: Foul Ball, location: 2F
0-2: Ball
1-2: Foul Ball, location: 2F
1-2: Ground out 6-3 (Groundball, 6)
Batting: RHB Raúl Reyna 0-0: SINGLE (Groundball, 56)
Batting: RHB Jesús Cisneros 0-0: Called Strike
Raúl Reyna steals 2nd base
0-1: Ball
1-1: Ball
2-1: Ground out 4-3 (Groundball, 4)
Bottom of the 1st over - 0 run(s), 1 hit(s), 0 error(s), 1 left on base; Provo 0 - Hogsmeade 0
TOP OF THE 2ND
Provo Mango batting - Pitching for Hogsmeade Cauldrons : LHP Octávio Ríos
Batting: RHB Salvador Noriega 0-0: Called Strike
0-1: Foul Ball, location: 2F
0-2: Foul Ball, location: 2F
0-2: Ball
1-2: Foul Ball, location: 2F
1-2: SINGLE (Groundball, 34D)
Batting: RHB Lúcio Sánchez 0-0: Ball
1-0: Foul Ball, location: 2F
1-1: Ball
2-1: Foul Ball, location: 2F
2-2: Fly out, F7 (Flyball, 7S)
2-2: Fly out, F7 (Flyball, 7S)
Batting: RHB Cristián Lima 0-0: Foul Ball, location: 2F
0-1: Ball
1-1: Called Strike
1-2: Ball
2-2: Strikes out swinging
Batting: RHB Santiago Ramos 0-0: Ball
1-0: Fly out, F4 (Line Drive, 4)
Top of the 2nd over - 0 run(s), 1 hit(s), 0 error(s), 1 left on base; Provo 0 - Hogsmeade 0
BOTTOM OF THE 2ND
Hogsmeade Cauldrons batting - Pitching for Provo Mango : LHP Marvin Mangin
Batting: SHB Fernando Sánchez 0-0: Ball
1-0: Foul Ball, location: 2F
1-1: Ball
2-1: Foul Ball, location: 2F
2-2: Foul Ball, location: 2F
2-2: Foul Ball, location: 2F
2-2: Strikes out swinging
Batting: RHB Héctor Casas 0-0: Called Strike
0-1: SINGLE (Groundball, 56)
Batting: RHB Gonzalo Ángel 0-0: Foul Ball, location: 2F
0-1: Fly out, F8 (Flyball, 8LM)
Batting: RHB Reynaldo Pérez 0-0: Swinging Strike
0-1: Called Strike
0-2: Strikes out swinging
Bottom of the 2nd over - 0 run(s), 1 hit(s), 0 error(s), 1 left on base; Provo 0 - Hogsmeade 0
TOP OF THE 3RD
Provo Mango batting - Pitching for Hogsmeade Cauldrons : LHP Octávio Ríos
Batting: LHB Esteban Trujillo 0-0: Ball
1-0: Ball
2-0: SINGLE (Groundball, 4MD)
Batting: LHB Armando Villarreal 0-0: Called Strike
0-1: Called Strike
0-2: Ball
1-2: Ball
2-2: Strikes out looking
Batting: LHB Héctor Rivera 0-0: Ball
1-0: Ball
2-0: Called Strike
2-1: Foul Ball, location: 2F
2-2: Strikes out swinging
Batting: RHB Everette Jeffers 0-0: Called Strike
0-1: Called Strike
0-2: Ball
1-2: Ball
2-2: Foul Ball, location: 2F
2-2: Foul Ball, location: 2F
2-2: Strikes out swinging
Top of the 3rd over - 0 run(s), 1 hit(s), 0 error(s), 1 left on base; Provo 0 - Hogsmeade 0
BOTTOM OF THE 3RD
Hogsmeade Cauldrons batting - Pitching for Provo Mango : LHP Marvin Mangin
Batting: RHB Jim Unknown 0-0: Called Strike
0-1: Foul Ball, location: 2F
0-2: Strikes out looking
Batting: RHB Santiago Mosca 0-0: Called Strike
0-1: Ball
1-1: Foul Ball, location: 2F
1-2: Strikes out swinging
Batting: RHB Ernesto Souza 0-0: DOUBLE (Line Drive, 7LM)
Batting: RHB Raúl Reyna 0-0: Ball
1-0: Foul Ball, location: 2F
1-1: Ball
2-1: Fly out, F7 (Flyball, 78M)
Bottom of the 3rd over - 0 run(s), 1 hit(s), 0 error(s), 1 left on base; Provo 0 - Hogsmeade 0
TOP OF THE 4TH
Provo Mango batting - Pitching for Hogsmeade Cauldrons : LHP Octávio Ríos
Batting: RHB Rubén Campos 0-0: Ball
1-0: Called Strike
1-1: Foul Ball, location: 2F
1-2: Foul Ball, location: 2F
1-2: Ball
2-2: Strikes out swinging
Batting: RHB Salvador Noriega 0-0: Ball
1-0: Foul Ball, location: 2F
1-1: Foul Ball, location: 2F
1-2: Ball
2-2: Fly out, F9 (Flyball, 9D)
Batting: RHB Lúcio Sánchez 0-0: Swinging Strike
0-1: Ball
1-1: Fly out, F6 (Popup, 6)
Top of the 4th over - 0 run(s), 0 hit(s), 0 error(s), 0 left on base; Provo 0 - Hogsmeade 0
BOTTOM OF THE 4TH
Hogsmeade Cauldrons batting - Pitching for Provo Mango : LHP Marvin Mangin
Batting: RHB Jesús Cisneros 0-0: Called Strike
0-1: Foul Ball, location: 2F
0-2: Foul Ball, location: 2F
0-2: Foul Ball, location: 2F
0-2: SINGLE (Groundball, 6MD)
Batting: SHB Fernando Sánchez 0-0: Ball
1-0: Foul Ball, location: 2F
1-1: Called Strike
1-2: SINGLE (Line Drive, 7LM)
Jesús Cisneros to second
Batting: RHB Héctor Casas 0-0: Ball
1-0: Swinging Strike
1-1: Called Strike
1-2: Ball
2-2: Ball
Wild Pitch!
Jesús Cisneros to third
Fernando Sánchez to second
3-2: Foul Ball, location: 2F
3-2: Base on Balls
Batting: RHB Gonzalo Ángel 0-0: Called Strike
0-1: Swinging Strike
0-2: Foul Ball, location: 2F
0-2: Strikes out swinging
Batting: RHB Reynaldo Pérez 0-0: Ball
1-0: Ball
2-0: Ball
3-0: Base on Balls
Jesús Cisneros scores
Fernando Sánchez to third
Héctor Casas to second
Batting: RHB Jim Unknown 0-0: Ball
1-0: Ball
2-0: Foul Ball, location: 2F
2-1: Ball
3-1: Base on Balls
Fernando Sánchez scores
Héctor Casas to third
Reynaldo Pérez to second
Batting: RHB Santiago Mosca 0-0: Called Strike
0-1: Ball
1-1: Ball
2-1: Grounds into double play, 6-4-3 (Groundball, 6)
Bottom of the 4th over - 2 run(s), 2 hit(s), 0 error(s), 2 left on base; Provo 0 - Hogsmeade 2
TOP OF THE 5TH
Provo Mango batting - Pitching for Hogsmeade Cauldrons : LHP Octávio Ríos
Batting: RHB Cristián Lima 0-0: Called Strike
0-1: Fly out, F9 (Flyball, 9LS)
Batting: RHB Santiago Ramos 0-0: Ground out 6-3 (Groundball, 6MS)
Batting: LHB Esteban Trujillo 0-0: Ground out 6-3 (Groundball, 6)
Top of the 5th over - 0 run(s), 0 hit(s), 0 error(s), 0 left on base; Provo 0 - Hogsmeade 2
BOTTOM OF THE 5TH
Hogsmeade Cauldrons batting - Pitching for Provo Mango : LHP Marvin Mangin
Batting: RHB Ernesto Souza 0-0: Ground out U3 (Groundball, 3L)
Batting: RHB Raúl Reyna 0-0: Ball
1-0: Foul Ball, location: 2F
1-1: Ball
2-1: Foul Ball, location: 2F
2-2: Foul Ball, location: 2F
2-2: Foul Ball, location: 2F
2-2: Foul Ball, location: 2F
2-2: SINGLE (Line Drive, 4M)
Batting: RHB Jesús Cisneros 0-0: Ball
Raúl Reyna steals 2nd base
1-0: Intentional Walk
Pitching: RHP Odemar Ouweneel
Batting: SHB Fernando Sánchez 0-0: Called Strike
0-1: Swinging Strike
0-2: Ball
1-2: Foul Ball, location: 2F
1-2: Foul Ball, location: 2F
1-2: Ball
2-2: Ball
3-2: TRIPLE (Popup, 3D)
Raúl Reyna scores
Jesús Cisneros scores
Batting: RHB Héctor Casas 0-0: Ball
1-0: Called Strike
1-1: Ball
2-1: Fly out, F5 (Popup, 56)
Batting: RHB Gonzalo Ángel 0-0: Intentional Walk
Batting: RHB Reynaldo Pérez 0-0: Called Strike
0-1: SINGLE (Groundball, 6M)
Fernando Sánchez scores
Gonzalo Ángel to second
Runner from 2nd tries for 3rd, SAFE, no throw or cutoff
Batting: RHB Jim Unknown 0-0: Called Strike
0-1: Ball
1-1: Foul Ball, location: 2F
1-2: Foul Ball, location: 2F
1-2: Strikes out looking
Bottom of the 5th over - 3 run(s), 3 hit(s), 0 error(s), 2 left on base; Provo 0 - Hogsmeade 5
TOP OF THE 6TH
Provo Mango batting - Pitching for Hogsmeade Cauldrons : LHP Octávio Ríos
Batting: LHB Armando Villarreal 0-0: Ball
1-0: Ball
2-0: Swinging Strike
2-1: Swinging Strike
2-2: Strikes out swinging
Batting: LHB Héctor Rivera 0-0: Fly out, F7 (Flyball, 78S)
Batting: RHB Everette Jeffers 0-0: Foul Ball, location: 2F
0-1: Ground out 4-3 (Groundball, 4)
Top of the 6th over - 0 run(s), 0 hit(s), 0 error(s), 0 left on base; Provo 0 - Hogsmeade 5
BOTTOM OF THE 6TH
Hogsmeade Cauldrons batting - Pitching for Provo Mango : RHP Odemar Ouweneel
Batting: RHB Santiago Mosca 0-0: SINGLE (Groundball, 56D)
Batting: RHB Ernesto Souza 0-0: Sac Bunt - play at first, batter OUT! 1-3
Santiago Mosca to second
Batting: RHB Raúl Reyna 0-0: Intentional Walk
Batting: RHB Jesús Cisneros 0-0: Called Strike
0-1: Grounds into double play, 1-6-3 (Groundball, 15)
Bottom of the 6th over - 0 run(s), 1 hit(s), 0 error(s), 1 left on base; Provo 0 - Hogsmeade 5
TOP OF THE 7TH
Provo Mango batting - Pitching for Hogsmeade Cauldrons : LHP Octávio Ríos
Batting: RHB Rubén Campos 0-0: Ball
1-0: Ball
2-0: Called Strike
2-1: Foul Ball, location: 2F
2-2: Strikes out looking
Batting: RHB Salvador Noriega 0-0: DOUBLE (Line Drive, 7LS)
Batting: RHB Lúcio Sánchez 0-0: Called Strike
0-1: Ground out 5-3 (Groundball, 56)
Batting: RHB Cristián Lima Pickoff Throw to Second - Error! E1
Salvador Noriega to third
0-0: SINGLE (Line Drive, 6MD)
Salvador Noriega scores
Batting: RHB Santiago Ramos 0-0: Called Strike
0-1: Called Strike
0-2: Ball
1-2: Ground out 6-3 (Groundball, 56)
Top of the 7th over - 1 run(s), 2 hit(s), 1 error(s), 1 left on base; Provo 1 - Hogsmeade 5
BOTTOM OF THE 7TH
Hogsmeade Cauldrons batting - Pitching for Provo Mango : RHP Odemar Ouweneel
Batting: SHB Fernando Sánchez 0-0: Ball
1-0: Ball
2-0: SOLO HOME RUN (Flyball, 9D), Distance : 392 ft
Batting: RHB Héctor Casas 0-0: Ball
1-0: Foul Ball, location: 2F
1-1: Reached on error, E5 (Groundball, 56)
Batting: RHB Gonzalo Ángel 0-0: Bunted foul
0-1: Sac Bunt - play at first, batter OUT! 1-4
Héctor Casas to second
Batting: RHB Reynaldo Pérez 0-0: Ball
1-0: Foul Ball, location: 2F
1-1: SINGLE (Groundball, 4MD)
Héctor Casas to third
Batting: RHB Jim Unknown 0-0: Ball
Reynaldo Pérez steals 2nd base
1-0: Intentional Walk
Pitching: RHP Robert Olson
Batting: RHB Santiago Mosca 0-0: Swinging Strike
0-1: Ball
1-1: SINGLE (Groundball, 6MD)
Héctor Casas scores
Reynaldo Pérez to third
Jim Unknown to second
Runner from 3rd tries for Home, SAFE, no throw or cutoff
Batting: RHB Ernesto Souza 0-0: Called Strike
0-1: Ball
1-1: Ball
2-1: Foul Ball, location: 2F
2-2: Strikes out looking
Batting: RHB Raúl Reyna 0-0: Called Strike
0-1: Swinging Strike
0-2: Ball
1-2: Fly out, F7 (Flyball, 78M)
Bottom of the 7th over - 3 run(s), 3 hit(s), 1 error(s), 2 left on base; Provo 1 - Hogsmeade 8
TOP OF THE 8TH
Provo Mango batting - Pitching for Hogsmeade Cauldrons : LHP Octávio Ríos
Batting: LHB Esteban Trujillo 0-0: Called Strike
0-1: Ground out 6-3 (Groundball, 6)
Batting: LHB Armando Villarreal 0-0: Ball
1-0: Foul Ball, location: 2F
1-1: Ball
2-1: Swinging Strike
2-2: Ground out 6-3 (Groundball, 6)
Batting: LHB Héctor Rivera 0-0: Ball
1-0: Called Strike
1-1: Fly out, F6 (Popup, 6M)
Top of the 8th over - 0 run(s), 0 hit(s), 0 error(s), 0 left on base; Provo 1 - Hogsmeade 8
BOTTOM OF THE 8TH
Hogsmeade Cauldrons batting - Pitching for Provo Mango : RHP Robert Olson
Batting: RHB Jesús Cisneros 0-0: Ground out 6-3 (Groundball, 6D)
Batting: SHB Fernando Sánchez 0-0: Called Strike
0-1: DOUBLE (Flyball, 7LM)
Batting: RHB Héctor Casas 0-0: Called Strike
0-1: Foul Ball, location: 2F
0-2: DOUBLE (Flyball, 89M)
Fernando Sánchez scores
Batting: RHB Gonzalo Ángel 0-0: Swinging Strike
0-1: Ball
1-1: Called Strike
1-2: Ground out 5-3 (Groundball, 5)
Batting: RHB Reynaldo Pérez 0-0: Ball
1-0: Ball
2-0: Foul Ball, location: 2F
2-1: SINGLE (Line Drive, 8LS)
Héctor Casas to third
Runner from 3rd tries for Home, SAFE, throw made home
Reynaldo Pérez to second
Batting: RHB Jim Unknown 0-0: Swinging Strike
0-1: Ball
1-1: Called Strike
1-2: Strikes out swinging
Bottom of the 8th over - 2 run(s), 3 hit(s), 0 error(s), 1 left on base; Provo 1 - Hogsmeade 10
TOP OF THE 9TH
Provo Mango batting - Pitching for Hogsmeade Cauldrons : LHP Octávio Ríos
Now at C: Miguel Torres
Batting: RHB Everette Jeffers 0-0: Ball
1-0: Ball
2-0: Called Strike
2-1: Ball
3-1: Swinging Strike
3-2: Foul Ball, location: 2F
3-2: Foul Ball, location: 2F
3-2: DOUBLE (Flyball, 89XD)
Pitching: LHP Jim Unknown
Batting: RHB Rubén Campos 0-0: Ball
1-0: Called Strike
1-1: Called Strike
1-2: Ground out 5-3 (Groundball, 5)
Batting: RHB Salvador Noriega 0-0: Ball
1-0: Ball
2-0: Fly out, F7 (Line Drive, 7LM)
Batting: RHB Lúcio Sánchez 0-0: Ball
1-0: Ball
2-0: Called Strike
2-1: 2-RUN HOME RUN (Flyball, 7D), Distance : 404 ft
Batting: RHB Cristián Lima 0-0: DOUBLE (Flyball, 7LM)
Batting: RHB Santiago Ramos 0-0: Ground out 5-3 (Groundball, 56S)
Top of the 9th over - 2 run(s), 3 hit(s), 0 error(s), 1 left on base; Provo 3 - Hogsmeade 10
This league is powered by Out of the Park Baseball, the baseball management simulation game for PC, Mac and Linux
Friday, April 15th, 2016 - OOTP Baseball 16.9 Build 39